 Dungeon Crawl Stone Soup version 0.18.1-48-g4cf74bf (webtiles) character file.

551 Alarkh the Shooter (level 7, -7/50 HPs)
             Began as a Mummy Hunter on Aug 13, 2016.
             Was a Believer of Okawaru.
             Killed from afar by a gnoll (9 damage)
             ... with a wand of lightning
             ... on level 4 of the Dungeon.
             The game lasted 00:05:02 (3941 turns).

Alarkh the Shooter (Mummy Hunter)                   Turns: 3941, Time: 00:05:03

Health: -7/50      AC:  3    Str: 15    XL:     7   Next: 7%
Magic:  16/16      EV: 11    Int: 13    God:    Okawaru [**....]
Gold:   236        SH:  0    Dex: 12    Spells: 0 memorised, 6 levels left

rFire  . . .     SeeInvis .     a - +4 shortbow
rCold  . . .     Gourm    .     c - +0 leather armour
rNeg   + + +     Faith    .     (shield currently unavailable)
rPois  ∞         Spirit   .     (no helmet)
rElec  .         Dismiss  .     (no cloak)
rCorr  .         Reflect  .     (no gloves)
SustAt .         Harm     .     (no boots)
MR     .....                    (no amulet)
Stlth  +.........               h - ring of fire
                                i - ring of magical power

@: not resistant to hostile enchantments, very unstealthy
A: no food or potions, fire vulnerability, cold resistance 1, negative energy
resistance 3, torment resistance, unbreathing
a: Heroism, Renounce Religion


You were on level 4 of the Dungeon.
You worshipped Okawaru.
Okawaru was pleased with you.
You were not hungry.

You visited 1 branch of the dungeon, and saw 4 of its levels.

You collected 236 gold pieces.

Inventory:

Hand Weapons
 a - a +4 shortbow (weapon)
 b - a +0 short sword
Missiles
 d - 27 arrows (quivered)
Armour
 c - a +0 leather armour (worn)
Jewellery
 h - a ring of fire (right hand)
 i - a ring of magical power (left hand)
 j - an uncursed ring of flight
Scrolls
 e - 4 scrolls of random uselessness
 f - 3 scrolls of identify
 g - 2 scrolls of remove curse
 k - a scroll of noise


   Skills:
 - Level 2.0 Fighting
 + Level 7.1 Bows
 - Level 1.5 Dodging
 - Level 0.7 Stealth


You had 6 spell levels left.
You didn't know any spells.

Dungeon Overview and Level Annotations

Branches:
Dungeon (4/15)
 Temple: D:4-7

Altars:
Cheibriados
Okawaru
The Shining One


Innate Abilities, Weirdness & Mutations

You do not eat or drink.
Your flesh is vulnerable to fire.
You are immune to poison.
Your flesh is cold resistant.
You are immune to negative energy.
You are immune to unholy pain and torment.
You can survive without breathing.


Message History

The gnoll is heavily wounded.
The gnoll zaps a wand.
The bolt of lightning hits you! x2
* * * LOW HITPOINT WARNING * * *
You are too injured to fight recklessly!
Read which item? (? for menu, Esc to quit)
Okay, then.
The gnoll hits you with a spear!
* * * LOW HITPOINT WARNING * * *
Firing (i - inventory):
d - 29 arrows (quivered)
Press: ? - help, Shift-Dir - straight line, f/p - gnoll
Aim: a gnoll, wielding a spear and carrying a wand of lightning {zapped: 3} (heavily wounded)
You shoot an arrow. The arrow hits the gnoll.
The gnoll is severely wounded.
The gnoll hits you but does no damage.
Firing (i - inventory):
d - 28 arrows (quivered)
Press: ? - help, Shift-Dir - straight line, f/p - gnoll
Aim: a gnoll, wielding a spear and carrying a wand of lightning {zapped: 3} (severely wounded)
You shoot an arrow. The arrow barely misses the gnoll.
The gnoll zaps a wand.
The bolt of lightning hits you!
You die...

####....#
#....# ##...#
#...#
#####...#
##...##..#
##....##..#
#.....<#..#
##....@g...#
#..........#
#..........#
##..)......##
#..........#
#..........#
#..........#
#
##.......(.#
.
##........##
##.


You could see a gnoll.

Vanquished Creatures
  Sigmund (D:3)
  The ghost of Heedrag the Conjurer, an amateur DECj (D:3)
  A scorpion (D:3)
  A hound (D:3)
  An orc priest (D:3)
  Terence (D:3)
  Natasha (thrice) (D:3)
  A worker ant (D:3)
  2 gnolls
  3 adders
  An ooze (D:3)
  2 worms
  A dart slug (D:2)
  3 orcs (D:3)
  5 bats
  3 giant cockroaches
  10 goblins
  3 hobgoblins
  2 giant newts (D:4)
  4 kobolds
  7 rats
56 creatures vanquished.

Notes
Turn   | Place    | Note
--------------------------------------------------------------
     0 | D:1      | Alarkh the Mummy Hunter began the quest for the Orb.
     0 | D:1      | Reached XP level 1. HP: 16/16 MP: 1/1
    86 | D:1      | Found a glowing golden altar of the Shining One.
   126 | D:1      | Reached XP level 2. HP: 22/22 MP: 2/2
   229 | D:1      | Reached skill level 4 in Bows
   606 | D:2      | Reached XP level 3. HP: 27/27 MP: 3/3
   825 | D:2      | Found a snail-covered altar of Cheibriados.
   840 | D:2      | Found an iron altar of Okawaru.
   869 | D:2      | Became a worshipper of Warmaster Okawaru
  1398 | D:3      | Reached XP level 4. HP: 32/33 MP: 4/4
  1428 | D:3      | Noticed Terence
  1435 | D:3      | Killed Terence
  1454 | D:3      | Reached skill level 5 in Bows
  1471 | D:3      | Noticed Heedrag's ghost (amateur DECj)
  1610 | D:3      | Killed Heedrag's ghost
  1610 | D:3      | Reached XP level 5. HP: 32/38 MP: 5/5
  1662 | D:3      | Reached * piety under Okawaru
  1700 | D:3      | Noticed Sigmund
  2215 | D:3      | Killed Sigmund
  2215 | D:3      | Reached skill level 6 in Bows
  2215 | D:3      | Reached XP level 6. HP: 24/44 MP: 6/6
  2384 | D:3      | HP: 1/44 [scorpion (8)]
  2401 | D:3      | HP: 1/44 [rat (2)]
  2408 | D:3      | HP: 1/44 [giant newt (1)]
  3020 | D:3      | Reached ** piety under Okawaru
  3024 | D:3      | Noticed Natasha
  3028 | D:3      | Killed Natasha
  3200 | D:3      | Noticed Natasha
  3204 | D:3      | Killed Natasha
  3204 | D:3      | Reached skill level 7 in Bows
  3606 | D:3      | Noticed Natasha
  3611 | D:3      | Killed Natasha
  3611 | D:3      | Reached XP level 7. HP: 43/50 MP: 7/7
  3939 | D:4      | HP: 2/50 [gnoll/spear (7)]
  3941 | D:4      | Killed from afar by a gnoll

Skill      XL: |  1  2  3  4  5  6 |
---------------+-------------------+-----
Bows           | 4 5 6 7 |  7.1
Fighting       | |  2.0
Dodging        | |  1.5
Stealth        | |  0.7

Action                   |  1- 3 |  4- 6 |  7- 9 || total
-------------------------+-------+-------+-------++-------
Melee: Short sword       |       |    37 |       ||    37
 Fire: Shortbow          |    63 |   115 |    13 ||   191
  Use: Scroll            |     7 |     2 |     1 ||    10
Armor: Leather armour    |     8 |    12 |       ||    20
Dodge: Dodged            |     4 |    43 |     1 ||    48
